SL
TOLEDO TITANS @ NORTHERN VIRGINIA RETRIEVERS
08/29/2023
 
TOP OF THE 1ST
Toledo Titans batting - Pitching for Northern Virginia Retrievers : RHP Javier Mora
Pitching: RHP Javier Mora
Batting: RHB Juan Ramos 0-0: Ball
1-0: Ground out 6-3 (Groundball, 6)
Batting: RHB Pedro Pérez 0-0: Ball
1-0: SINGLE (Line Drive, 6)
Batting: LHB Tony Dyer 0-0: Ball
1-0: Ball
2-0: Foul Ball, location: 2F
2-1: Ball
3-1: Foul Ball, location: 2F
3-2: Ground out 5-3 (Groundball, 56)
Pedro Pérez to second
Batting: LHB Yannick Hendriksen 0-0: Called Strike
0-1: Foul Ball, location: 2F
0-2: Ball
1-2: Strikes out swinging
Top of the 1st over - 0 run(s), 1 hit(s), 0 error(s), 1 left on base; Toledo 0 - Northern Virginia 0
BOTTOM OF THE 1ST
Northern Virginia Retrievers batting - Pitching for Toledo Titans : RHP Tom Bowen
Pitching: RHP Tom Bowen
Batting: LHB Roberto Salazar 0-0: Ball
1-0: Called Strike
1-1: Ball
2-1: Swinging Strike
2-2: Foul Ball, location: 2F
2-2: Ground out U3 (Groundball, 3)
Batting: LHB Chad Armstrong 0-0: Ball
1-0: Ball
2-0: Called Strike
2-1: Foul Ball, location: 2F
2-2: Ball
3-2: Foul Ball, location: 2F
3-2: Foul Ball, location: 2F
3-2: Base on Balls
Batting: RHB Teruo Nakayama 0-0: Called Strike
0-1: Ball
1-1: Called Strike
1-2: Foul Ball, location: 2F
1-2: Strikes out swinging
Batting: RHB Bob Heller 0-0: Ball
1-0: Called Strike
1-1: Ball
2-1: Ball
3-1: Swinging Strike
3-2: 2-RUN HOME RUN (Flyball, 7LD), Distance : 367 ft
Batting: LHB Bartolo Benítez 0-0: Ball
1-0: DOUBLE (Flyball, 78XD)
Batting: LHB Munemori Ohara 0-0: Ball
1-0: Swinging Strike
1-1: Ball
2-1: SINGLE (Line Drive, 34D)
Bartolo Benítez to third
Runner from 3rd tries for Home, SAFE, no throw or cutoff
Batting: LHB Wayne Akers 0-0: Called Strike
0-1: Ball
1-1: Called Strike
1-2: Foul Ball, location: 2F
1-2: Fly out, F7 (Flyball, 7LS)
Bottom of the 1st over - 3 run(s), 3 hit(s), 0 error(s), 1 left on base; Toledo 0 - Northern Virginia 3
TOP OF THE 2ND
Toledo Titans batting - Pitching for Northern Virginia Retrievers : RHP Javier Mora
Batting: RHB Steve Dunn 0-0: Called Strike
0-1: Ball
1-1: Ground out 6-3 (Groundball, 6)
Batting: LHB Jorge Flores 0-0: Foul Ball, location: 2F
0-1: Foul Ball, location: 2F
0-2: Strikes out swinging
Batting: RHB Pil-joong Pak 0-0: Ball
1-0: Called Strike
1-1: Ball
2-1: Fly out, F8 (Flyball, 8RM)
Top of the 2nd over - 0 run(s), 0 hit(s), 0 error(s), 0 left on base; Toledo 0 - Northern Virginia 3
BOTTOM OF THE 2ND
Northern Virginia Retrievers batting - Pitching for Toledo Titans : RHP Tom Bowen
Batting: SHB Gustavo Fuentes 0-0: Called Strike
0-1: Called Strike
0-2: Ball
1-2: Foul Ball, location: 2F
1-2: Ball
2-2: Reached on error, E3 (Groundball, 3L)
Batting: RHB Eddie O'Bryan 0-0: Called Strike
0-1: Ball
1-1: Called Strike
1-2: Foul Ball, location: 2F
1-2: Foul Ball, location: 2F
1-2: Strikes out swinging
Batting: LHB Roberto Salazar 0-0: Swinging Strike
0-1: Called Strike
0-2: Ground out U3 (Groundball, 3S)
Gustavo Fuentes to second
Batting: LHB Chad Armstrong 0-0: Ball
1-0: Ball
2-0: Ground out 3-1 (Groundball, 34)
Bottom of the 2nd over - 0 run(s), 0 hit(s), 1 error(s), 1 left on base; Toledo 0 - Northern Virginia 3
TOP OF THE 3RD
Toledo Titans batting - Pitching for Northern Virginia Retrievers : RHP Javier Mora
Batting: RHB Paul Houston 0-0: Ball
1-0: Ball
2-0: Foul Ball, location: 2F
2-1: Foul Ball, location: 2F
2-2: Ground out 6-3 (Groundball, 6)
Batting: LHB Rick Harrison 0-0: Called Strike
0-1: Ball
1-1: Ball
2-1: Ball
3-1: Base on Balls
Batting: RHB Juan Ramos 0-0: Ball
1-0: Foul Ball, location: 2F
1-1: Fly out, F3 (Popup, 3SF)
Batting: RHB Pedro Pérez 0-0: Foul Ball, location: 2F
0-1: Ball
1-1: Swinging Strike
1-2: Ball
2-2: Foul Ball, location: 2F
2-2: Strikes out looking
Top of the 3rd over - 0 run(s), 0 hit(s), 0 error(s), 1 left on base; Toledo 0 - Northern Virginia 3
BOTTOM OF THE 3RD
Northern Virginia Retrievers batting - Pitching for Toledo Titans : RHP Tom Bowen
Batting: RHB Teruo Nakayama 0-0: Called Strike
0-1: Ball
1-1: Called Strike
1-2: Ball
2-2: Strikes out looking
Batting: RHB Bob Heller 0-0: Ball
1-0: Ball
2-0: Ball
3-0: Called Strike
3-1: Base on Balls
Batting: LHB Bartolo Benítez 0-0: Called Strike
0-1: Ball
1-1: Ball
2-1: Swinging Strike
2-2: Ball
3-2: Foul Ball, location: 2F
3-2: Foul Ball, location: 2F
3-2: Strikes out swinging
Batting: LHB Munemori Ohara 0-0: Foul Ball, location: 2F
0-1: Ball
1-1: Foul Ball, location: 2F
1-2: Strikes out swinging
Bottom of the 3rd over - 0 run(s), 0 hit(s), 0 error(s), 1 left on base; Toledo 0 - Northern Virginia 3
TOP OF THE 4TH
Toledo Titans batting - Pitching for Northern Virginia Retrievers : RHP Javier Mora
Batting: LHB Tony Dyer 0-0: Swinging Strike
0-1: Foul Ball, location: 2F
0-2: Strikes out swinging
Batting: LHB Yannick Hendriksen 0-0: Called Strike
0-1: Ground out 1-3 (Groundball, 23)
Batting: RHB Steve Dunn 0-0: Ground out 6-3 (Groundball, 6)
Top of the 4th over - 0 run(s), 0 hit(s), 0 error(s), 0 left on base; Toledo 0 - Northern Virginia 3
BOTTOM OF THE 4TH
Northern Virginia Retrievers batting - Pitching for Toledo Titans : RHP Tom Bowen
Batting: LHB Wayne Akers 0-0: Ball
1-0: Fly out, F7 (Flyball, 7M)
Batting: SHB Gustavo Fuentes 0-0: Swinging Strike
0-1: Ball
1-1: Ground out U3 (Groundball, 3)
Batting: RHB Eddie O'Bryan 0-0: Ground out 6-3 (Groundball, 6)
Bottom of the 4th over - 0 run(s), 0 hit(s), 0 error(s), 0 left on base; Toledo 0 - Northern Virginia 3
TOP OF THE 5TH
Toledo Titans batting - Pitching for Northern Virginia Retrievers : RHP Javier Mora
Batting: LHB Jorge Flores 0-0: Ball
1-0: SINGLE (Line Drive, 78S)
Batting: RHB Pil-joong Pak 0-0: Bunted foul
0-1: Ball
1-1: Bunt missed!
1-2: Ball
2-2: Ball
3-2: Base on Balls
Jorge Flores to second
Batting: RHB Paul Houston 0-0: Bunt missed!
0-1: Bunted foul
0-2: Ball
1-2: SINGLE (Groundball, 56)
Jorge Flores to third
Pil-joong Pak to second
Runner from 3rd tries for Home, SAFE, throw made home
Batting: LHB Rick Harrison 0-0: Ball
1-0: Ball
2-0: Sac Bunt - play at first, batter OUT! 2-3
Pil-joong Pak to third
Paul Houston to second
Batting: RHB Juan Ramos 0-0: Called Strike
0-1: Swinging Strike
0-2: Ball
1-2: Ball
2-2: Foul Ball, location: 2F
2-2: Fly out, F3 (Popup, 3SF)
Batting: RHB Pedro Pérez 0-0: Ball
1-0: Ball
2-0: Called Strike
2-1: Foul Ball, location: 2F
2-2: Foul Ball, location: 2F
2-2: Foul Ball, location: 2F
2-2: Foul Ball, location: 2F
2-2: Foul Ball, location: 2F
2-2: Strikes out swinging
Top of the 5th over - 1 run(s), 2 hit(s), 0 error(s), 2 left on base; Toledo 1 - Northern Virginia 3
BOTTOM OF THE 5TH
Northern Virginia Retrievers batting - Pitching for Toledo Titans : RHP Tom Bowen
Batting: LHB Roberto Salazar 0-0: Called Strike
0-1: Swinging Strike
0-2: Ball
1-2: Ball
2-2: Ball
3-2: Fly out, F5 (Popup, 5F)
Batting: LHB Chad Armstrong 0-0: Ball
1-0: Ball
2-0: Foul Ball, location: 2F
2-1: Ball
3-1: Called Strike
3-2: Foul Ball, location: 2F
3-2: Reached on error, E6 (Groundball, 4MD)
Batting: RHB Teruo Nakayama 0-0: Called Strike
0-1: Foul Ball, location: 2F
0-2: Ball
1-2: Ball
2-2: Fly out, F3 (Popup, 34D)
Pitching: RHP Ricardo Gómez
Batting: RHB Bob Heller 0-0: Ball
1-0: SINGLE (Line Drive, 6MD)
Chad Armstrong to second
Batting: LHB Bartolo Benítez 0-0: Called Strike
0-1: Fielders Choice at 2nd, U4 (Groundball, 4M)
Bottom of the 5th over - 0 run(s), 1 hit(s), 1 error(s), 2 left on base; Toledo 1 - Northern Virginia 3
TOP OF THE 6TH
Toledo Titans batting - Pitching for Northern Virginia Retrievers : RHP Javier Mora
Batting: LHB Tony Dyer 0-0: Ball
1-0: Foul Ball, location: 2F
1-1: Fly out, F8 (Flyball, 8LM)
Batting: LHB Yannick Hendriksen 0-0: Fly out, F8 (Flyball, 8RXD)
Batting: RHB Steve Dunn 0-0: Called Strike
0-1: Called Strike
0-2: Ball
1-2: Ball
2-2: Strikes out swinging
Top of the 6th over - 0 run(s), 0 hit(s), 0 error(s), 0 left on base; Toledo 1 - Northern Virginia 3
BOTTOM OF THE 6TH
Northern Virginia Retrievers batting - Pitching for Toledo Titans : RHP Ricardo Gómez
Batting: LHB Munemori Ohara 0-0: Ball
1-0: Called Strike
1-1: Called Strike
1-2: Foul Ball, location: 2F
1-2: Foul Ball, location: 2F
1-2: Ball
2-2: Strikes out swinging
Batting: LHB Wayne Akers 0-0: Foul Ball, location: 2F
0-1: Ball
1-1: Swinging Strike
1-2: Foul Ball, location: 2F
1-2: Ball
2-2: Strikes out swinging
Batting: SHB Gustavo Fuentes 0-0: Called Strike
0-1: Swinging Strike
0-2: Ground out 4-3 (Groundball, 4M)
Bottom of the 6th over - 0 run(s), 0 hit(s), 0 error(s), 0 left on base; Toledo 1 - Northern Virginia 3
TOP OF THE 7TH
Toledo Titans batting - Pitching for Northern Virginia Retrievers : RHP Javier Mora
Batting: LHB Jorge Flores 0-0: Ball
1-0: Foul Ball, location: 2F
1-1: Foul Ball, location: 2F
1-2: Ball
2-2: Strikes out swinging
Batting: RHB Pil-joong Pak 0-0: Ball
1-0: SINGLE (Groundball, 4D)
Batting: RHB Paul Houston 0-0: Called Strike
0-1: Ball
1-1: SINGLE (Groundball, 34D) (infield hit)
Pil-joong Pak to second
Batting: LHB Rick Harrison 0-0: Called Strike
0-1: Called Strike
0-2: Ball
1-2: Ball
2-2: Grounds into double play, 4-6-3 (Groundball, 4)
Top of the 7th over - 0 run(s), 2 hit(s), 0 error(s), 1 left on base; Toledo 1 - Northern Virginia 3
BOTTOM OF THE 7TH
Northern Virginia Retrievers batting - Pitching for Toledo Titans : RHP Ricardo Gómez
Batting: RHB Eddie O'Bryan 0-0: Foul Ball, location: 2F
0-1: Ball
1-1: Fly out, F7 (Flyball, 78S)
Batting: LHB Roberto Salazar 0-0: Fly out, F7 (Line Drive, 7S)
Batting: LHB Chad Armstrong 0-0: Ball
1-0: Foul Ball, location: 2F
1-1: Ball
2-1: Swinging Strike
2-2: Strikes out swinging
Bottom of the 7th over - 0 run(s), 0 hit(s), 0 error(s), 0 left on base; Toledo 1 - Northern Virginia 3
TOP OF THE 8TH
Toledo Titans batting - Pitching for Northern Virginia Retrievers : RHP Javier Mora
Pitching: LHP Edison Larson
Batting: RHB Juan Ramos 0-0: Fly out, F7 (Flyball, 7M)
Batting: RHB Pedro Pérez 0-0: Ball
1-0: Ball
2-0: Called Strike
2-1: Ball
3-1: Base on Balls
Batting: LHB Tony Dyer 0-0: Ball
1-0: Ball
2-0: Ball
3-0: Called Strike
3-1: Hit by Pitch
Pedro Pérez to second
Batting: LHB Yannick Hendriksen 0-0: Called Strike
0-1: Called Strike
0-2: Ball
1-2: Ball
2-2: Foul Ball, location: 2F
2-2: Foul Ball, location: 2F
2-2: Strikes out looking
Pitching: RHP Woody Cook
Batting: RHB Steve Dunn 0-0: Ball
1-0: Ball
2-0: Ball
3-0: Called Strike
3-1: Foul Ball, location: 2F
3-2: Foul Ball, location: 2F
3-2: Strikes out looking
Top of the 8th over - 0 run(s), 0 hit(s), 0 error(s), 2 left on base; Toledo 1 - Northern Virginia 3
BOTTOM OF THE 8TH
Northern Virginia Retrievers batting - Pitching for Toledo Titans : RHP Ricardo Gómez
Batting: RHB Teruo Nakayama 0-0: SINGLE (Groundball, 6MD)
Batting: RHB Bob Heller 0-0: Ball
Wild Pitch!
Teruo Nakayama to second
1-0: Intentional Walk
Batting: LHB Bartolo Benítez 0-0: Ball
1-0: Grounds into double play, 6-4-3 (Groundball, 6)
Teruo Nakayama to third
Batting: LHB Munemori Ohara 0-0: Fly out, F5 (Popup, 5SF)
Bottom of the 8th over - 0 run(s), 1 hit(s), 0 error(s), 1 left on base; Toledo 1 - Northern Virginia 3
TOP OF THE 9TH
Toledo Titans batting - Pitching for Northern Virginia Retrievers : RHP Woody Cook
Pitching: LHP Ilie Paunescu
Batting: LHB Jorge Flores 0-0: Foul Ball, location: 2F
0-1: Ball
1-1: Foul Ball, location: 2F
1-2: Fly out, F7 (Flyball, 78M)
Batting: RHB Pil-joong Pak 0-0: Ball
1-0: Ground out 5-3 (Groundball, 5)
Batting: RHB Paul Houston 0-0: Ball
1-0: Called Strike
1-1: Foul Ball, location: 2F
1-2: Fly out, F3 (Popup, 4)
Top of the 9th over - 0 run(s), 0 hit(s), 0 error(s), 0 left on base; Toledo 1 - Northern Virginia 3
This league is powered by Out of the Park Baseball, the baseball management simulation game for PC, Mac and Linux
Friday, July 8th, 2016 - OOTP Baseball 16.9 Build 39